Map: Base du roi Sejong EC

Players

Blacky

  • Race: Protoss Protoss
  • League: Platinum

Baashxiv - Winner!

  • Race: Terran Terran
  • League: Diamond

VOD

Have the link to the VOD?

Description

Time

  • Played on: May 29, 2016, 8:36 a.m.
  • Length: 7:18
Show
View Real Time Build Order
Export as new Build Order

Blacky Protoss 

Build Orders: 1 Gate Expand 

Get SALT Encoding   

  12  0:01  Probe (Chrono Boost)  
  13  0:11  Probe (Chrono Boost)  
  14  0:19  Pylon  
  14  0:23  Probe (Chrono Boost)  
  15  0:38  Probe (Chrono Boost)  
  16  0:47  Gateway  
  16  0:48  Probe (Chrono Boost)  
  17  0:59  Probe (Chrono Boost)  
  18  1:15  Probe (Chrono Boost)  
  19  1:26  Assimilator  
  19  1:30  Nexus  
  19  1:33  Probe (Chrono Boost)  
  20  1:44  Probe (Chrono Boost)  
  21  1:57  Probe (Chrono Boost)  
  21  2:01  Assimilator  
  21  2:09  Probe (Chrono Boost)  
  21  2:13  Pylon  
  22  2:17  Pylon  
  22  2:20  Probe (Chrono Boost)  
  23  2:28  Cybernetics Core  
  23  2:31  Probe (Chrono Boost)  
  24  2:38  Gateway  
  24  2:39  Gateway  
  24  2:42  Probe (Chrono Boost), Gateway  
  25  2:46  Probe (Chrono Boost)  
  26  2:53  Probe (Chrono Boost)  
  27  3:04  Zealot (Chrono Boost)  
  29  3:09  Robotics Facility  
  29  3:14  Mothership Core  
  30  3:34  Warp Gate (Chrono Boost)  
  29  3:44  Zealot x3 (Chrono Boost)  
  35  3:53  Probe  
  36  3:57  Observer (Chrono Boost)  
  30  4:10  Probe  
  30  4:11  Probe  
  32  4:19  Twilight Council  
  32  4:25  Probe  
  32  4:26  Probe  
  34  4:38  Probe  
  35  4:39  Assimilator  
  35  4:40  Probe, Assimilator  
  35  4:42  Warp Prism (Chrono Boost)  
  38  4:51  Probe  
  39  4:55  Probe  
  39  4:57  Charge (Chrono Boost)  
  40  5:05  Probe  
  41  5:11  Probe  
  42  5:16  Pylon  
  42  5:17  Probe  
  38  5:37  Stalker x2  
  42  5:54  Probe x2  
  44  6:06  Probe  
  45  6:17  Probe  
  45  6:18  Probe  
  47  6:30  Probe x2  
  49  6:36  Templar Archives  
  49  6:39  Nexus  
  49  6:44  Probe (Chrono Boost)  
  40  6:51  Observer  
  40  6:54  Probe (Chrono Boost)  
  42  6:58  Probe (Chrono Boost)  
  43  7:05  Probe (Chrono Boost)  
Show
View Real Time Build Order
Export as new Build Order

Baashxiv Terran - Winner!

Build Orders:  

Get SALT Encoding   

  12  0:02  SCV  
  13  0:14  SCV  
  13  0:18  Supply Depot  
  14  0:26  SCV  
  15  0:40  SCV  
  15  0:42  Barracks  
  16  0:47  Refinery  
  16  0:52  SCV  
  18  1:04  SCV  
  18  1:16  SCV  
  19  1:30  Marine, Orbital Command  
  20  1:49  Command Center  
  20  1:54  Marine  
  21  2:05  Factory  
  21  2:08  SCV  
  22  2:19  Supply Depot  
  22  2:21  Marine  
  23  2:37  Bunker  
  23  2:41  SCV  
  23  2:44  Marine  
  24  2:50  Starport  
  25  2:53  SCV  
  26  3:00  Widow Mine  
  26  3:03  Orbital Command  
  28  3:06  Marine  
  28  3:12  SCV  
  30  3:20  Refinery  
  30  3:25  SCV, Barracks  
  30  3:26  Marine  
  32  3:27  Barracks  
  32  3:34  Medivac  
  34  3:36  SCV  
  35  3:51  Barracks Tech Lab  
  35  3:53  SCV x2  
  37  4:05  SCV  
  37  4:06  SCV  
  39  4:10  Marine  
  39  4:11  Stimpack  
  39  4:14  Barracks Reactor  
  39  4:15  Barracks Reactor  
  40  4:18  SCV x2  
  40  4:24  Refinery x2  
  40  4:30  SCV, Marine  
  42  4:34  SCV  
  42  4:38  Starport Reactor  
  43  4:47  Marine  
  43  4:50  SCV x2  
  46  4:59  Command Center  
  46  5:00  Barracks  
  46  5:01  Barracks  
  46  5:07  Engineering Bay  
  46  5:10  Engineering Bay  
  46  5:14  SCV x2, Marine  
  46  5:15  Marine x2, Supply Depot  
  49  5:44  Marine x3  
  49  5:45  Medivac, Marine x2  
  49  5:46  SCV x2, Medivac  
  60  5:50  Barracks Tech Lab x2  
  60  5:59  SCV x2  
  62  6:08  Factory Tech Lab  
  62  6:11  SCV  
  62  6:14  Marine x4  
  62  6:15  Marauder  
  64  6:35  Marine  
  64  6:36  Marine x5  
  64  6:37  Marauder  
Tags
 
Add a new tag
Caveats
  • Supply blocks, unpowered buildings, or Contaminate may cause inaccurate times.
  • Supply counts are checked every 10 seconds.